WCHLSIM.com - West Coast Hockey League
Dernière mise à jour: 2024-04-24 21:11:05
html PUBLIC "-//W3C//DTD XHTML 1.0 Transitional//EN" "http://www.w3.org/TR/xhtml1/DTD/xhtml1-transitional.dtd"> WCHL - Game 321 - EDMONTON ICE vs RENO LIONS

EDMONTON ICE vs RENO LIONS

Created - 25 novembre 2022 at 21:39

Goals
1 2 3 T
EDMONTON ICE 2 0 0 2
RENO LIONS 3 2 2 7
Shots
1 2 3 T
EDMONTON ICE 7 11 8 26
RENO LIONS 12 9 9 30

1st period

1. RENO LIONS , Janne Kuokkanen 1 (Ethan Bear 1, Derek Grant 3) at 10:45
2. RENO LIONS , Cam Atkinson 7 (Ilya Mikheyev 7) at 12:12
3. RENO LIONS , Ilya Mikheyev 9 (Oliver Ekman-Larsson 5) at 13:17 (PP)
4. EDMONTON ICE , Joel Eriksson Ek 12 (Jonas Brodin 12) at 17:35
5. EDMONTON ICE , Timo Meier 19 (Anton Lundell 11) at 18:11

Penalties :
Jonas Brodin (EDM) for Interference (Minor) at 8:32, Andy Greene (EDM) for Holding (Minor) at 12:34, Steven Stamkos (REN) for Holding (Minor) at 16:39, Austin Watson (EDM) for Hooking (Minor) at 16:39

2nd period

6. RENO LIONS , Kirill Kaprizov 16 (Steven Stamkos 22, Jacob Trouba 12) at 3:46
7. RENO LIONS , Kirill Kaprizov 17 (Elias Pettersson 14, Steven Stamkos 23) at 12:28

Penalties :
No Penalty

3rd period

8. RENO LIONS , Steven Stamkos 13 (Kirill Kaprizov 17, Elias Pettersson 15) at 19:25
9. RENO LIONS , Nicholas Ritchie 1 (Patrick Brown 2, Mattias Samuelsson 5) at 19:42

Penalties :
Scott Laughton (EDM) for Hooking (Minor) at 6:14

Goalie Stats

Alex Nedeljkovic (EDM), 9 saves from 13 shots - (0,692), L, 7-2-1, 23:46 minutes
Jonathan Quick (EDM), 14 saves from 17 shots - (0,824), 36:14 minutes
Elvis Merzlikins (REN), 24 saves from 26 shots - (0,923), W, 8-7-1, 60:00 minutes

Players Stats for EDMONTON ICE

Player Name              G  A  P  +/- PIM S  H  SB GA TA FO     MP     PP MP  PK MP  
------------------------------------------------------------------------------------
Andy Greene              0  0  0  -1  2   0  1  0  0  0  0/0    14:48   0:00   2:01 
Anthony Mantha           0  0  0  -4  0   4  0  0  0  0  0/0    18:09   0:00   0:00 
Anton Lundell            0  1  1  -3  0   1  0  0  0  0  11/25  19:26   0:00   0:00 
Austin Watson            0  0  0   0  2   1  2  2  0  0  0/1    11:59   0:00   1:15 
Jack Eichel              0  0  0   0  0   3  0  0  0  0  9/19   16:41   0:00   0:39 
Joel Eriksson Ek         1  0  1  -1  0   3  1  0  0  0  16/24  19:51   0:00   0:00 
Jonas Brodin             0  1  1   0  2   0  1  3  0  0  0/0    21:59   0:00   1:04 
Joonas Donskoi           0  0  0   0  0   0  0  0  0  0  0/1    14:11   0:00   3:26 
Jordan Spence            0  0  0   0  0   0  3  0  0  0  0/0    21:54   0:00   0:58 
Joshua Mahura            0  0  0  -1  0   0  2  1  0  0  0/0    16:31   0:00   2:01 
Kieffer Bellows          0  0  0   1  0   1  0  0  0  0  0/0     5:59   0:00   0:00 
Nicholas Boka            0  0  0   0  0   0  0  0  0  0  0/0     0:03   0:00   0:03 
Ryan Carpenter           0  0  0   0  0   0  0  1  0  0  1/1     6:29   0:00   1:12 
Scott Laughton           0  0  0  -2  2   1  2  0  0  0  2/6    20:37   0:00   1:29 
Shea Theodore            0  0  0  -3  0   0  0  3  0  0  0/0    22:47   0:00   1:12 
Tanner Jeannot           0  0  0  -4  0   2  6  0  0  0  0/0    18:09   0:00   0:00 
Timo Meier               1  0  1  -1  0   9  2  0  0  0  3/6    21:47   0:00   1:21 
Zach Whitecloud          0  0  0  -3  0   1  2  0  0  0  0/0    21:56   0:00   2:03 

Players Stats for RENO LIONS

Player Name              G  A  P  +/- PIM S  H  SB GA TA FO     MP     PP MP  PK MP  
------------------------------------------------------------------------------------
Cam Atkinson             1  0  1   1  0   3  0  0  0  0  0/0    18:54   2:30   0:00 
Derek Grant              0  1  1   1  0   3  0  0  0  0  2/12   12:27   0:00   0:00 
Elias Pettersson         0  2  2   3  0   2  0  0  0  0  0/0    22:58   2:11   0:00 
Ethan Bear               0  1  1   2  0   0  0  0  0  0  0/0    15:45   0:00   0:00 
Ilya Mikheyev            1  1  2   1  0   5  0  0  0  0  0/1    18:54   2:30   0:00 
Jacob Trouba             0  1  1   1  0   0  4  1  0  0  0/0    26:08   2:33   0:00 
Janne Kuokkanen          1  0  1   1  0   2  0  0  0  0  0/2    12:27   0:00   0:00 
Kirill Kaprizov          2  1  3   3  0   4  0  1  0  0  0/1    22:58   2:11   0:00 
Mattias Samuelsson       0  1  1   1  0   2  1  1  0  0  0/0    18:07   2:08   0:00 
Nicholas Ritchie         1  0  1  -1  0   1  2  0  0  0  0/0     5:41   0:00   0:00 
Nikita Zadorov           0  0  0   1  0   0  0  0  0  0  0/0    18:07   2:08   0:00 
Oliver Ekman-Larsson     0  1  1   1  0   0  0  0  0  0  0/0    26:08   2:33   0:00 
Patrick Brown            0  1  1   1  0   0  1  0  0  0  4/8     4:53   0:00   0:00 
Pierre-Luc Dubois        0  0  0   0  0   4  1  0  0  0  17/28  19:08   2:30   0:00 
Robert Hagg              0  0  0   2  0   0  4  0  0  0  0/0    15:45   0:00   0:00 
Steven Stamkos           1  2  3   3  2   3  1  0  0  0  18/30  22:57   2:11   0:00 
Trevor Lewis             0  0  0   0  0   1  0  1  0  0  0/1    11:50   0:00   0:00 
Vincent Hinostroza       0  0  0   1  0   0  0  0  0  0  0/0     4:53   0:00   0:00 

3 Stars

1 - Kirill Kaprizov (REN)
2 - Steven Stamkos (REN)
3 - Ilya Mikheyev (REN)

Power Play

EDMONTON ICE - 0 on 0 Attempt(s) - 0,00%
RENO LIONS - 1 on 3 Attempt(s) - 33,33%

Penalty Kill

EDMONTON ICE - 2 on 3 Attempt(s) - 66,67% - Score 0 goal in Penalty Kill
RENO LIONS - 0 on 0 Attempt(s) - 0,00% - Score 0 goal in Penalty Kill

Team Stat

EDMONTON ICE - Hits : 22 - Faceoff Wins : 42 - Blocked Shots : 10 - Penalty Minutes : 8
RENO LIONS - Hits : 14 - Faceoff Wins : 41 - Blocked Shots : 4 - Penalty Minutes : 2

Official

Referees : Corey Syvret and Chris Lee
Linesman : Michel Cormier and Luke Murray

Game Notes

Jonathan Quick enters game at 3:46 of 2nd period

Finance

Level 1 -- Attendance: 7000 (100,00%) -- Ticket Income 945 000 $
Level 2 -- Attendance: 6000 (100,00%) -- Ticket Income 510 000 $
Level 3 -- Attendance: 2855 (95,17%) -- Ticket Income 171 300 $
Level 4 -- Attendance: 5000 (100,00%) -- Ticket Income 200 000 $
Luxury Box -- Attendance: 1000 (100,00%) -- Ticket Income 270 000 $
Game was played at the Lions Kingdom.
Total Attendance: 21855 (99,34%)
Total Ticket Income: 2 096 300 $
Other Expense: 20 963 $
Total Income: 2 075 337 $

EDMONTON ICE

5 vs 5 Forward 
   Center                   Left Wing                Right Wing               Time % Phy DF OF 
 1 Joel Eriksson Ek         Scott Laughton           Timo Meier               38     0   2  3  
 2 Anton Lundell            Tanner Jeannot           Anthony Mantha           36     1   2  2  
 3 Jack Eichel              Austin Watson            Joonas Donskoi           22     1   3  1  
 4 Jack Eichel              Kieffer Bellows          Ryan Carpenter           4      1   4  0  

5 vs 5 Defense 
   Defense                  Defense                                           Time % Phy DF OF 
 1 Shea Theodore            Zach Whitecloud                                   36     1   2  2  
 2 Jonas Brodin             Jordan Spence                                     34     0   3  2  
 3 Joshua Mahura            Andy Greene                                       24     1   3  1  
 4 Shea Theodore            Joshua Mahura                                     6      0   4  1  

PowerPlay Forward 
   Center                   Left Wing                Right Wing               Time % Phy DF OF 
 1 Joel Eriksson Ek         Timo Meier               Anthony Mantha           55     0   1  4  
 2 Jack Eichel              Anton Lundell            Tanner Jeannot           45     0   2  3  

PowerPlay Defense
   Defense                  Defense                                           Time % Phy DF OF 
 1 Shea Theodore            Jonas Brodin                                      55     0   2  3  
 2 Zach Whitecloud          Jordan Spence                                     45     1   2  2  

Penalty Kill 4 Players Forward 
   Center                   Wing                     Time % Phy DF OF 
 1 Scott Laughton           Joonas Donskoi           57     0   4  1  
 2 Ryan Carpenter           Austin Watson            43     0   4  1  

Penalty Kill 4 Players Defense
   Defense                  Defense                  Time % Phy DF OF 
 1 Jonas Brodin             Andy Greene              57     0   5  0  
 2 Zach Whitecloud          Joshua Mahura            43     0   5  0  

Penalty Kill - 3 Players Forward 
   Forward                                           Time % Phy DF OF 
 1 Anton Lundell                                     55     0   5  0  
 2 Ryan Carpenter                                    45     0   5  0  

Penalty Kill - 3 Players Defense
   Defense                  Defense                  Time % Phy DF OF 
 1 Zach Whitecloud          Andy Greene              55     0   5  0  
 2 Jonas Brodin             Joshua Mahura            45     0   5  0  

4 vs 4 Forward 
   Center                   Wing                     Time % Phy DF OF 
 1 Anton Lundell            Timo Meier               55     1   2  2  
 2 Joel Eriksson Ek         Kieffer Bellows          45     1   2  2  

4 vs 4 Defense
   Defense                  Defense                  Time % Phy DF OF 
 1 Shea Theodore            Zach Whitecloud          55     1   2  2  
 2 Jordan Spence            Jonas Brodin             45     1   2  2  

Last Minutes Offensive
   Center                   Left Wing                Right Wing               Defense                  Defense                  
   Joel Eriksson Ek         Timo Meier               Anthony Mantha           Shea Theodore            Jonas Brodin             

Last Minutes Defensive
   Center                   Left Wing                Right Wing               Defense                  Defense                  
   Joel Eriksson Ek         Anton Lundell            Tanner Jeannot           Zach Whitecloud          Jonas Brodin             

Goaltenders
Starting : Alex Nedeljkovic         
Backup : Jonathan Quick           

Extra Forwards
Normal : Anton Lundell, Jack Eichel, Anthony Mantha - PP : Scott Laughton, Anton Lundell - PK : Timo Meier
Extra Defensemen
Normal : Shea Theodore, Jordan Spence, Zach Whitecloud - PP : Jordan Spence - PK : Shea Theodore, Joshua Mahura
Penalty Shots
Timo Meier, Jack Eichel, Anton Lundell, Anthony Mantha, Joel Eriksson Ek
Custom OT Lines Forwards
Timo Meier, Joel Eriksson Ek, Anton Lundell, Anthony Mantha, Jack Eichel, Scott Laughton, Tanner Jeannot, Joonas Donskoi, Ryan Carpenter, Austin Watson
Custom OT Lines Defensemen
Shea Theodore, Jonas Brodin, Jordan Spence, Zach Whitecloud, Joshua Mahura

Scratches
Thomas Novak (Right Hand Injury), Michael Matheson (Fractured Metatarsal (Left Foot) Injury), Ryan Graves (Bruised Left Foot Injury), Scott Wedgewood (Healthy)

RENO LIONS

5 vs 5 Forward 
   Center                   Left Wing                Right Wing               Time % Phy DF OF 
 1 Steven Stamkos           Kirill Kaprizov          Elias Pettersson         40     0   1  4  
 2 Pierre-Luc Dubois        Ilya Mikheyev            Cam Atkinson             30     0   1  4  
 3 Derek Grant              Janne Kuokkanen          Trevor Lewis             20     1   3  1  
 4 Patrick Brown            Nicholas Ritchie         Vincent Hinostroza       10     2   3  0  

5 vs 5 Defense 
   Defense                  Defense                                           Time % Phy DF OF 
 1 Jacob Trouba             Oliver Ekman-Larsson                              36     1   2  2  
 2 Nikita Zadorov           Mattias Samuelsson                                31     1   2  2  
 3 Ethan Bear               Robert Hagg                                       23     1   2  2  
 4 Jacob Trouba             Oliver Ekman-Larsson                              10     1   2  2  

PowerPlay Forward 
   Center                   Left Wing                Right Wing               Time % Phy DF OF 
 1 Pierre-Luc Dubois        Ilya Mikheyev            Cam Atkinson             60     0   0  5  
 2 Steven Stamkos           Kirill Kaprizov          Elias Pettersson         40     0   0  5  

PowerPlay Defense
   Defense                  Defense                                           Time % Phy DF OF 
 1 Jacob Trouba             Oliver Ekman-Larsson                              60     1   2  2  
 2 Mattias Samuelsson       Nikita Zadorov                                    40     1   2  2  

Penalty Kill 4 Players Forward 
   Center                   Wing                     Time % Phy DF OF 
 1 Patrick Brown            Ilya Mikheyev            55     1   2  2  
 2 Pierre-Luc Dubois        Vincent Hinostroza       45     1   2  2  

Penalty Kill 4 Players Defense
   Defense                  Defense                  Time % Phy DF OF 
 1 Mattias Samuelsson       Robert Hagg              55     1   2  2  
 2 Ethan Bear               Nikita Zadorov           45     1   2  2  

Penalty Kill - 3 Players Forward 
   Forward                                           Time % Phy DF OF 
 1 Cam Atkinson                                      55     1   2  2  
 2 Pierre-Luc Dubois                                 45     1   2  2  

Penalty Kill - 3 Players Defense
   Defense                  Defense                  Time % Phy DF OF 
 1 Jacob Trouba             Oliver Ekman-Larsson     55     1   2  2  
 2 Mattias Samuelsson       Robert Hagg              45     1   2  2  

4 vs 4 Forward 
   Center                   Wing                     Time % Phy DF OF 
 1 Derek Grant              Janne Kuokkanen          55     1   2  2  
 2 Trevor Lewis             Nicholas Ritchie         45     1   2  2  

4 vs 4 Defense
   Defense                  Defense                  Time % Phy DF OF 
 1 Ethan Bear               Robert Hagg              55     1   2  2  
 2 Jacob Trouba             Oliver Ekman-Larsson     45     1   2  2  

Last Minutes Offensive
   Center                   Left Wing                Right Wing               Defense                  Defense                  
   Steven Stamkos           Kirill Kaprizov          Elias Pettersson         Jacob Trouba             Oliver Ekman-Larsson     

Last Minutes Defensive
   Center                   Left Wing                Right Wing               Defense                  Defense                  
   Steven Stamkos           Kirill Kaprizov          Ilya Mikheyev            Jacob Trouba             Oliver Ekman-Larsson     

Goaltenders
Starting : Elvis Merzlikins         
Backup : Eric Comrie              

Extra Forwards
Normal : Pierre-Luc Dubois, Cam Atkinson, Derek Grant - PP : Janne Kuokkanen, Nicholas Ritchie - PK : Patrick Brown
Extra Defensemen
Normal : Nikita Zadorov, Ethan Bear, Jacob Trouba - PP : Oliver Ekman-Larsson - PK : Mattias Samuelsson, Robert Hagg
Penalty Shots
Steven Stamkos, Kirill Kaprizov, Elias Pettersson, Pierre-Luc Dubois, Cam Atkinson
Custom OT Lines Forwards
Steven Stamkos, Kirill Kaprizov, Elias Pettersson, Pierre-Luc Dubois, Cam Atkinson, Ilya Mikheyev, Derek Grant, Trevor Lewis, Janne Kuokkanen, Nicholas Ritchie
Custom OT Lines Defensemen
Jacob Trouba, Oliver Ekman-Larsson, Nikita Zadorov, Mattias Samuelsson, Robert Hagg

Scratches
Andreas Johnsson (Sprained Left Knee Injury)

% Time on Ice - EDMONTON ICE

Lines # - Real PCT - Wanted PCT - Time Play
Normal Forward
1 - 36% - 38% - 19:09
2 - 34% - 36% - 18:09
3 - 20% - 22% - 10:45
4 - 10% - 4% - 5:17
Normal Defense
1 - 35% - 36% - 18:28
2 - 38% - 34% - 20:22
3 - 24% - 24% - 12:48
4 - 3% - 6% - 1:42
PP Forward
1 - 0% - 55%
2 - 0% - 45%
PP Defense
1 - 0% - 55%
2 - 0% - 45%
PK Forward
1 - 74% - 57% - 3:29
2 - 26% - 43% - 1:12
PK Defense
1 - 56% - 57% - 2:38
2 - 44% - 43% - 2:03
PK3 Forward
1 - 0% - 55%
2 - 0% - 45%
PK3 Defense
1 - 0% - 55%
2 - 0% - 45%
44 Forward
1 - 65% - 55% - 1:17
2 - 35% - 45% - 0:42
44 Defense
1 - 71% - 55% - 1:25
2 - 29% - 45% - 0:34
Last Minute Offensive  - 0:00
Last Minute Defensive  - 0:00
Total
Forward - 60:00
Defense - 60:00

% Time on Ice - RENO LIONS

Lines # - Real PCT - Wanted PCT - Time Play
Normal Forward
1 - 39% - 40% - 20:47
2 - 31% - 30% - 16:24
3 - 21% - 20% - 11:16
4 - 9% - 10% - 4:53
Normal Defense
1 - 35% - 36% - 18:47
2 - 30% - 31% - 15:59
3 - 28% - 23% - 14:44
4 - 7% - 10% - 3:50
PP Forward
1 - 53% - 60% - 2:30
2 - 47% - 40% - 2:11
PP Defense
1 - 54% - 60% - 2:33
2 - 46% - 40% - 2:08
PK Forward
1 - 0% - 55%
2 - 0% - 45%
PK Defense
1 - 0% - 55%
2 - 0% - 45%
PK3 Forward
1 - 0% - 55%
2 - 0% - 45%
PK3 Defense
1 - 0% - 55%
2 - 0% - 45%
44 Forward
1 - 60% - 55% - 1:11
2 - 40% - 45% - 0:48
44 Defense
1 - 51% - 55% - 1:01
2 - 49% - 45% - 0:58
Last Minute Offensive  - 0:00
Last Minute Defensive  - 0:00
Total
Forward - 60:00
Defense - 60:00

Play-by-Play

1st period


0:01 of 1st period - Joel Eriksson Ek wins face-off versus Steven Stamkos in neutral zone.
0:20 of 1st period - Shot by Elias Pettersson.
0:20 of 1st period - Stopped by Alex Nedeljkovic without a rebound.
0:21 of 1st period - Pierre-Luc Dubois wins face-off versus Anton Lundell in EDMONTON ICE zone.
0:22 of 1st period - Shot by Ilya Mikheyev.
0:22 of 1st period - Stopped by Alex Nedeljkovic without a rebound.
0:23 of 1st period - Pierre-Luc Dubois wins face-off versus Anton Lundell in EDMONTON ICE zone.
0:40 of 1st period - Shot by Pierre-Luc Dubois.
0:40 of 1st period - Stopped by Alex Nedeljkovic without a rebound.
0:41 of 1st period - Jack Eichel wins face-off versus Derek Grant in EDMONTON ICE zone.
0:56 of 1st period - Shot by Jack Eichel.
0:56 of 1st period - Shot Misses the Net.
1:06 of 1st period - Shot by Jack Eichel.
1:06 of 1st period - Stopped by Elvis Merzlikins without a rebound.
1:07 of 1st period - Patrick Brown wins face-off versus Joel Eriksson Ek in RENO LIONS zone.
1:34 of 1st period - Shot by Timo Meier.
1:34 of 1st period - Shot Misses the Net.
1:44 of 1st period - Shot by Timo Meier.
1:44 of 1st period - Shot Hit the Post.
1:46 of 1st period - Shot by Zach Whitecloud.
1:46 of 1st period - Shot Misses the Net.
1:48 of 1st period - Shot by Scott Laughton.
1:48 of 1st period - Stopped by Elvis Merzlikins without a rebound.
1:49 of 1st period - Anton Lundell wins face-off versus Steven Stamkos in RENO LIONS zone.
1:52 of 1st period - Shot by Anthony Mantha.
1:52 of 1st period - Stopped by Elvis Merzlikins without a rebound.
1:53 of 1st period - Steven Stamkos wins face-off versus Anton Lundell in RENO LIONS zone.
2:30 of 1st period - Shot by Anton Lundell.
2:30 of 1st period - Deflect By Tanner Jeannot.
2:30 of 1st period - Stopped by Elvis Merzlikins with a rebound.
2:49 of 1st period - Kirill Kaprizov is hit by Joshua Mahura and loses puck.
3:02 of 1st period - Shot by Cam Atkinson.
3:02 of 1st period - Shot Misses the Net.
3:16 of 1st period - Shot by Cam Atkinson.
3:16 of 1st period - Shot Blocked by Austin Watson.
3:18 of 1st period - Shot by Pierre-Luc Dubois.
3:18 of 1st period - Shot Blocked by Joshua Mahura.
3:22 of 1st period - Shot by Ilya Mikheyev.
3:22 of 1st period - Stopped by Alex Nedeljkovic with a rebound.
3:24 of 1st period - Shot by Pierre-Luc Dubois.
3:24 of 1st period - Stopped by Alex Nedeljkovic without a rebound.
3:25 of 1st period - Joel Eriksson Ek wins face-off versus Derek Grant in EDMONTON ICE zone.
3:44 of 1st period - Timo Meier is hit by Robert Hagg and loses puck.
3:55 of 1st period - Shot by Derek Grant.
3:55 of 1st period - Shot Misses the Net.
3:57 of 1st period - Shot by Janne Kuokkanen.
3:57 of 1st period - Stopped by Alex Nedeljkovic without a rebound.
3:58 of 1st period - Pierre-Luc Dubois wins face-off versus Anton Lundell in EDMONTON ICE zone.
4:24 of 1st period - Shot by Pierre-Luc Dubois.
4:24 of 1st period - Shot Misses the Net.
4:55 of 1st period - Off-side.
4:56 of 1st period - Joel Eriksson Ek wins face-off versus Steven Stamkos in neutral zone.
4:58 of 1st period - Timo Meier is hit by Robert Hagg.
5:05 of 1st period - Scott Laughton is hit by Robert Hagg and loses puck.
5:17 of 1st period - Icing by Joel Eriksson Ek.
5:18 of 1st period - Joel Eriksson Ek wins face-off versus Derek Grant in EDMONTON ICE zone.
6:52 of 1st period - Elias Pettersson is hit by Zach Whitecloud and loses puck.
7:43 of 1st period - Timo Meier is hit by Robert Hagg and loses puck.
8:21 of 1st period - Off-side.
8:22 of 1st period - Patrick Brown wins face-off versus Jack Eichel in neutral zone.
8:29 of 1st period - Shot by Patrick Brown.
8:29 of 1st period - Shot Blocked by Austin Watson.
8:32 of 1st period - Minor Penalty to Jonas Brodin for Interference.
8:33 of 1st period - Steven Stamkos wins face-off versus Scott Laughton in EDMONTON ICE zone.
9:23 of 1st period - Ryan Carpenter is hit by Pierre-Luc Dubois and loses puck.
10:05 of 1st period - Icing by Steven Stamkos.
10:06 of 1st period - Steven Stamkos wins face-off versus Scott Laughton in RENO LIONS zone.
10:45 of 1st period - Shot by Janne Kuokkanen.
10:45 of 1st period - Goal by Janne Kuokkanen - EDMONTON ICE : 0 - RENO LIONS : 1.
10:46 of 1st period - Ryan Carpenter wins face-off versus Patrick Brown in neutral zone.
11:15 of 1st period - Shot by Jack Eichel.
11:15 of 1st period - Deflect By Ryan Carpenter.
11:15 of 1st period - Shot Misses the Net.
11:20 of 1st period - Shot by Jack Eichel.
11:20 of 1st period - Shot Blocked by Jacob Trouba.
11:22 of 1st period - Shot by Jack Eichel.
11:22 of 1st period - Stopped by Elvis Merzlikins with a rebound.
11:58 of 1st period - Shot by Cam Atkinson.
11:58 of 1st period - Deflect By Pierre-Luc Dubois.
11:58 of 1st period - Shot Blocked by Jonas Brodin.
12:12 of 1st period - Shot by Cam Atkinson.
12:12 of 1st period - Goal by Cam Atkinson - EDMONTON ICE : 0 - RENO LIONS : 2.
12:13 of 1st period - Steven Stamkos wins face-off versus Joel Eriksson Ek in neutral zone.
12:17 of 1st period - Elias Pettersson is hit by Timo Meier.
12:34 of 1st period - Minor Penalty to Andy Greene for Holding.
12:35 of 1st period - Scott Laughton wins face-off versus Pierre-Luc Dubois in EDMONTON ICE zone.
12:39 of 1st period - Off-side.
12:40 of 1st period - Pierre-Luc Dubois wins face-off versus Scott Laughton in neutral zone.
12:45 of 1st period - Shot by Cam Atkinson.
12:45 of 1st period - Shot Blocked by Shea Theodore.
13:17 of 1st period - Shot by Ilya Mikheyev.
13:17 of 1st period - Goal by Ilya Mikheyev - EDMONTON ICE : 0 - RENO LIONS : 3.
13:18 of 1st period - Steven Stamkos wins face-off versus Scott Laughton in neutral zone.
13:55 of 1st period - Shot by Steven Stamkos.
13:55 of 1st period - Stopped by Alex Nedeljkovic without a rebound.
13:56 of 1st period - Jack Eichel wins face-off versus Derek Grant in EDMONTON ICE zone.
15:34 of 1st period - Icing by Andy Greene.
15:35 of 1st period - Anton Lundell wins face-off versus Pierre-Luc Dubois in EDMONTON ICE zone.
16:39 of 1st period - Minor Penalty to Steven Stamkos for Holding.
16:39 of 1st period - Minor Penalty to Austin Watson for Hooking.
16:40 of 1st period - Derek Grant wins face-off versus Anton Lundell in neutral zone.
16:47 of 1st period - Shot by Janne Kuokkanen.
16:47 of 1st period - Deflect By Derek Grant.
16:47 of 1st period - Shot Hit the Post.
16:57 of 1st period - Jacob Trouba is hit by Timo Meier and loses puck.
17:35 of 1st period - Shot by Joel Eriksson Ek.
17:35 of 1st period - Goal by Joel Eriksson Ek - EDMONTON ICE : 1 - RENO LIONS : 3.
17:36 of 1st period - Joel Eriksson Ek wins face-off versus Trevor Lewis in neutral zone.
17:57 of 1st period - Shot by Trevor Lewis.
17:57 of 1st period - Stopped by Alex Nedeljkovic without a rebound.
17:58 of 1st period - Anton Lundell wins face-off versus Pierre-Luc Dubois in EDMONTON ICE zone.
17:58 of 1st period - Anton Lundell is hit by Nicholas Ritchie.
18:11 of 1st period - Shot by Timo Meier.
18:11 of 1st period - Goal by Timo Meier - EDMONTON ICE : 2 - RENO LIONS : 3.
18:12 of 1st period - Anton Lundell wins face-off versus Janne Kuokkanen in neutral zone.
18:48 of 1st period - Shot by Kirill Kaprizov.
18:48 of 1st period - Stopped by Alex Nedeljkovic without a rebound.
18:49 of 1st period - Steven Stamkos wins face-off versus Jack Eichel in EDMONTON ICE zone.
Goals for this period are 2 for EDMONTON ICE vs 3 for RENO LIONS.
Shots for this period are 7 for EDMONTON ICE vs 12 for RENO LIONS.

2nd period


0:01 of 2nd period - Joel Eriksson Ek wins face-off versus Steven Stamkos in neutral zone.
0:06 of 2nd period - Icing by Elias Pettersson.
0:07 of 2nd period - Joel Eriksson Ek wins face-off versus Steven Stamkos in RENO LIONS zone.
0:20 of 2nd period - Shot by Timo Meier.
0:20 of 2nd period - Stopped by Elvis Merzlikins without a rebound.
0:21 of 2nd period - Pierre-Luc Dubois wins face-off versus Anton Lundell in RENO LIONS zone.
0:32 of 2nd period - Cam Atkinson is hit by Tanner Jeannot and loses puck.
0:55 of 2nd period - Icing by Joshua Mahura.
0:56 of 2nd period - Steven Stamkos wins face-off versus Anton Lundell in EDMONTON ICE zone.
1:25 of 2nd period - Shot by Timo Meier.
1:25 of 2nd period - Shot Misses the Net.
2:00 of 2nd period - Icing by Shea Theodore.
2:01 of 2nd period - Joel Eriksson Ek wins face-off versus Pierre-Luc Dubois in EDMONTON ICE zone.
2:08 of 2nd period - Shot by Joel Eriksson Ek.
2:08 of 2nd period - Shot Misses the Net.
2:10 of 2nd period - Shot by Zach Whitecloud.
2:10 of 2nd period - Stopped by Elvis Merzlikins without a rebound.
2:11 of 2nd period - Jack Eichel wins face-off versus Derek Grant in RENO LIONS zone.
3:01 of 2nd period - Icing by Jordan Spence.
3:02 of 2nd period - Jack Eichel wins face-off versus Steven Stamkos in EDMONTON ICE zone.
3:02 of 2nd period - Jack Eichel is hit by Steven Stamkos.
3:26 of 2nd period - Shot by Steven Stamkos.
3:26 of 2nd period - Shot Blocked by Shea Theodore.
3:44 of 2nd period - Shot by Steven Stamkos.
3:44 of 2nd period - Shot Misses the Net.
3:46 of 2nd period - Shot by Kirill Kaprizov.
3:46 of 2nd period - Goal by Kirill Kaprizov - EDMONTON ICE : 2 - RENO LIONS : 4.
3:46 of 2nd period - Jonathan Quick enters game.
3:47 of 2nd period - Anton Lundell wins face-off versus Pierre-Luc Dubois in neutral zone.
4:01 of 2nd period - Shot by Cam Atkinson.
4:01 of 2nd period - Stopped by Jonathan Quick without a rebound.
4:02 of 2nd period - Patrick Brown wins face-off versus Jack Eichel in EDMONTON ICE zone.
4:21 of 2nd period - Vincent Hinostroza is hit by Jonas Brodin and loses puck.
4:42 of 2nd period - Shot by Nicholas Ritchie.
4:42 of 2nd period - Shot Blocked by Jonas Brodin.
4:51 of 2nd period - Jonas Brodin is hit by Jacob Trouba and loses puck.
5:22 of 2nd period - Shot by Kirill Kaprizov.
5:22 of 2nd period - Deflect By Elias Pettersson.
5:22 of 2nd period - Shot Blocked by Jonas Brodin.
5:24 of 2nd period - Shot by Steven Stamkos.
5:24 of 2nd period - Shot Misses the Net.
6:55 of 2nd period - Icing by Mattias Samuelsson.
6:56 of 2nd period - Joel Eriksson Ek wins face-off versus Derek Grant in RENO LIONS zone.
7:26 of 2nd period - Shot by Timo Meier.
7:26 of 2nd period - Stopped by Elvis Merzlikins without a rebound.
7:27 of 2nd period - Steven Stamkos wins face-off versus Jack Eichel in RENO LIONS zone.
7:27 of 2nd period - Elias Pettersson is hit by Austin Watson and loses puck.
7:34 of 2nd period - Shot by Steven Stamkos.
7:34 of 2nd period - Stopped by Jonathan Quick without a rebound.
7:35 of 2nd period - Joel Eriksson Ek wins face-off versus Steven Stamkos in EDMONTON ICE zone.
7:49 of 2nd period - Shot by Joel Eriksson Ek.
7:49 of 2nd period - Shot Blocked by Kirill Kaprizov.
7:51 of 2nd period - Shot by Timo Meier.
7:51 of 2nd period - Stopped by Elvis Merzlikins without a rebound.
7:52 of 2nd period - Pierre-Luc Dubois wins face-off versus Anton Lundell in RENO LIONS zone.
7:52 of 2nd period - Pierre-Luc Dubois is hit by Tanner Jeannot.
8:11 of 2nd period - Shot by Anton Lundell.
8:11 of 2nd period - Shot Misses the Net.
8:13 of 2nd period - Shot by Tanner Jeannot.
8:13 of 2nd period - Shot Hit the Post.
8:18 of 2nd period - Icing by Robert Hagg.
8:19 of 2nd period - Joel Eriksson Ek wins face-off versus Ilya Mikheyev in RENO LIONS zone.
8:52 of 2nd period - Icing by Ethan Bear.
8:53 of 2nd period - Anton Lundell wins face-off versus Pierre-Luc Dubois in RENO LIONS zone.
9:29 of 2nd period - Shot by Anthony Mantha.
9:29 of 2nd period - Stopped by Elvis Merzlikins without a rebound.
9:30 of 2nd period - Joel Eriksson Ek wins face-off versus Derek Grant in RENO LIONS zone.
9:39 of 2nd period - Shot by Timo Meier.
9:39 of 2nd period - Stopped by Elvis Merzlikins without a rebound.
9:40 of 2nd period - Joel Eriksson Ek wins face-off versus Steven Stamkos in RENO LIONS zone.
9:46 of 2nd period - Timo Meier is hit by Jacob Trouba and loses puck.
10:55 of 2nd period - Icing by Cam Atkinson.
10:56 of 2nd period - Pierre-Luc Dubois wins face-off versus Jack Eichel in RENO LIONS zone.
11:11 of 2nd period - Shot by Pierre-Luc Dubois.
11:11 of 2nd period - Shot Misses the Net.
11:25 of 2nd period - Shot by Ilya Mikheyev.
11:25 of 2nd period - Shot Misses the Net.
11:27 of 2nd period - Shot by Ilya Mikheyev.
11:27 of 2nd period - Shot Misses the Net.
11:29 of 2nd period - Shot by Ilya Mikheyev.
11:29 of 2nd period - Stopped by Jonathan Quick with a rebound.
11:31 of 2nd period - Shot by Cam Atkinson.
11:31 of 2nd period - Stopped by Jonathan Quick without a rebound.
11:32 of 2nd period - Anton Lundell wins face-off versus Derek Grant in EDMONTON ICE zone.
12:26 of 2nd period - Shot by Kirill Kaprizov.
12:26 of 2nd period - Shot Misses the Net.
12:28 of 2nd period - Shot by Elias Pettersson.
12:28 of 2nd period - Deflect By Kirill Kaprizov.
12:28 of 2nd period - Goal by Kirill Kaprizov - EDMONTON ICE : 2 - RENO LIONS : 5.
12:29 of 2nd period - Steven Stamkos wins face-off versus Timo Meier in neutral zone.
12:43 of 2nd period - Icing by Andy Greene.
12:44 of 2nd period - Scott Laughton wins face-off versus Pierre-Luc Dubois in EDMONTON ICE zone.
12:59 of 2nd period - Shot by Timo Meier.
12:59 of 2nd period - Stopped by Elvis Merzlikins without a rebound.
13:00 of 2nd period - Steven Stamkos wins face-off versus Jack Eichel in RENO LIONS zone.
13:14 of 2nd period - Oliver Ekman-Larsson is hit by Austin Watson.
13:26 of 2nd period - Shot by Steven Stamkos.
13:26 of 2nd period - Shot Misses the Net.
13:33 of 2nd period - Jonas Brodin is hit by Jacob Trouba and loses puck.
13:36 of 2nd period - Shot by Jonas Brodin.
13:36 of 2nd period - Shot Misses the Net.
13:38 of 2nd period - Shot by Jack Eichel.
13:38 of 2nd period - Shot Misses the Net.
13:40 of 2nd period - Shot by Jack Eichel.
13:40 of 2nd period - Shot Misses the Net.
13:42 of 2nd period - Shot by Jack Eichel.
13:42 of 2nd period - Stopped by Elvis Merzlikins without a rebound.
13:43 of 2nd period - Pierre-Luc Dubois wins face-off versus Joel Eriksson Ek in RENO LIONS zone.
13:54 of 2nd period - Shot by Cam Atkinson.
13:54 of 2nd period - Shot Misses the Net.
13:56 of 2nd period - Shot by Cam Atkinson.
13:56 of 2nd period - Shot Misses the Net.
13:58 of 2nd period - Shot by Mattias Samuelsson.
13:58 of 2nd period - Stopped by Jonathan Quick without a rebound.
13:59 of 2nd period - Patrick Brown wins face-off versus Anton Lundell in EDMONTON ICE zone.
13:59 of 2nd period - Vincent Hinostroza is hit by Joshua Mahura and loses puck.
14:17 of 2nd period - Patrick Brown is hit by Andy Greene and loses puck.
14:49 of 2nd period - Icing by Jacob Trouba.
14:50 of 2nd period - Steven Stamkos wins face-off versus Joel Eriksson Ek in RENO LIONS zone.
14:52 of 2nd period - Icing by Kirill Kaprizov.
14:53 of 2nd period - Joel Eriksson Ek wins face-off versus Steven Stamkos in RENO LIONS zone.
15:04 of 2nd period - Shot by Joel Eriksson Ek.
15:04 of 2nd period - Stopped by Elvis Merzlikins without a rebound.
15:05 of 2nd period - Pierre-Luc Dubois wins face-off versus Jack Eichel in RENO LIONS zone.
15:14 of 2nd period - Shot by Pierre-Luc Dubois.
15:14 of 2nd period - Stopped by Jonathan Quick without a rebound.
15:15 of 2nd period - Steven Stamkos wins face-off versus Joel Eriksson Ek in EDMONTON ICE zone.
15:18 of 2nd period - Shot by Steven Stamkos.
15:18 of 2nd period - Shot Misses the Net.
15:42 of 2nd period - Kirill Kaprizov is hit by Scott Laughton and loses puck.
15:59 of 2nd period - Shot by Scott Laughton.
15:59 of 2nd period - Shot Misses the Net.
16:01 of 2nd period - Shot by Timo Meier.
16:01 of 2nd period - Stopped by Elvis Merzlikins without a rebound.
16:02 of 2nd period - Anton Lundell wins face-off versus Pierre-Luc Dubois in RENO LIONS zone.
16:25 of 2nd period - Cam Atkinson is hit by Tanner Jeannot and loses puck.
17:19 of 2nd period - Icing by Jonas Brodin.
17:20 of 2nd period - Steven Stamkos wins face-off versus Jack Eichel in EDMONTON ICE zone.
17:34 of 2nd period - Shot by Kirill Kaprizov.
17:34 of 2nd period - Shot Misses the Net.
17:54 of 2nd period - Shot by Steven Stamkos.
17:54 of 2nd period - Shot Misses the Net.
19:19 of 2nd period - Shot by Derek Grant.
19:19 of 2nd period - Stopped by Jonathan Quick without a rebound.
19:20 of 2nd period - Anton Lundell wins face-off versus Patrick Brown in EDMONTON ICE zone.
19:20 of 2nd period - Anton Lundell is hit by Nicholas Ritchie.
19:25 of 2nd period - Tanner Jeannot is hit by Patrick Brown and loses puck.
19:40 of 2nd period - Shot by Anthony Mantha.
19:40 of 2nd period - Stopped by Elvis Merzlikins without a rebound.
19:41 of 2nd period - Pierre-Luc Dubois wins face-off versus Austin Watson in RENO LIONS zone.
19:51 of 2nd period - Cam Atkinson is hit by Jordan Spence and loses puck.
19:55 of 2nd period - Pierre-Luc Dubois is hit by Jordan Spence and loses puck.
Goals for this period are 0 for EDMONTON ICE vs 2 for RENO LIONS.
Shots for this period are 11 for EDMONTON ICE vs 9 for RENO LIONS.

3rd period


0:01 of 3rd period - Steven Stamkos wins face-off versus Anton Lundell in neutral zone.
0:06 of 3rd period - Shot by Kirill Kaprizov.
0:06 of 3rd period - Shot Misses the Net.
0:12 of 3rd period - Kirill Kaprizov is hit by Tanner Jeannot.
0:24 of 3rd period - Shot by Steven Stamkos.
0:24 of 3rd period - Shot Misses the Net.
0:38 of 3rd period - Shot by Anthony Mantha.
0:38 of 3rd period - Shot Misses the Net.
0:40 of 3rd period - Shot by Anthony Mantha.
0:40 of 3rd period - Stopped by Elvis Merzlikins without a rebound.
0:41 of 3rd period - Pierre-Luc Dubois wins face-off versus Joel Eriksson Ek in RENO LIONS zone.
0:41 of 3rd period - Pierre-Luc Dubois is hit by Scott Laughton.
1:06 of 3rd period - Timo Meier is hit by Mattias Samuelsson and loses puck.
1:15 of 3rd period - Shot by Joel Eriksson Ek.
1:15 of 3rd period - Shot Misses the Net.
1:19 of 3rd period - Shot by Timo Meier.
1:19 of 3rd period - Shot Blocked by Mattias Samuelsson.
1:21 of 3rd period - Shot by Joel Eriksson Ek.
1:21 of 3rd period - Stopped by Elvis Merzlikins without a rebound.
1:22 of 3rd period - Jack Eichel wins face-off versus Janne Kuokkanen in RENO LIONS zone.
1:56 of 3rd period - Shot by Trevor Lewis.
1:56 of 3rd period - Deflect By Derek Grant.
1:56 of 3rd period - Stopped by Jonathan Quick without a rebound.
1:57 of 3rd period - Steven Stamkos wins face-off versus Anton Lundell in EDMONTON ICE zone.
2:24 of 3rd period - Shot by Tanner Jeannot.
2:24 of 3rd period - Stopped by Elvis Merzlikins without a rebound.
2:25 of 3rd period - Pierre-Luc Dubois wins face-off versus Joel Eriksson Ek in RENO LIONS zone.
2:34 of 3rd period - Off-side.
2:35 of 3rd period - Derek Grant wins face-off versus Joel Eriksson Ek in neutral zone.
2:59 of 3rd period - Shot by Timo Meier.
2:59 of 3rd period - Shot Blocked by Trevor Lewis.
4:02 of 3rd period - Shot by Elias Pettersson.
4:02 of 3rd period - Stopped by Jonathan Quick with a rebound.
4:04 of 3rd period - Shot by Mattias Samuelsson.
4:04 of 3rd period - Stopped by Jonathan Quick without a rebound.
4:05 of 3rd period - Jack Eichel wins face-off versus Pierre-Luc Dubois in EDMONTON ICE zone.
4:51 of 3rd period - Icing by Cam Atkinson.
4:52 of 3rd period - Anton Lundell wins face-off versus Pierre-Luc Dubois in RENO LIONS zone.
5:29 of 3rd period - Shot by Anton Lundell.
5:29 of 3rd period - Stopped by Elvis Merzlikins without a rebound.
5:30 of 3rd period - Joel Eriksson Ek wins face-off versus Steven Stamkos in RENO LIONS zone.
5:51 of 3rd period - Kirill Kaprizov is hit by Jordan Spence and loses puck.
6:14 of 3rd period - Minor Penalty to Scott Laughton for Hooking.
6:15 of 3rd period - Pierre-Luc Dubois wins face-off versus Joonas Donskoi in EDMONTON ICE zone.
6:36 of 3rd period - Shot by Cam Atkinson.
6:36 of 3rd period - Shot Misses the Net.
6:38 of 3rd period - Shot by Mattias Samuelsson.
6:38 of 3rd period - Shot Misses the Net.
6:40 of 3rd period - Shot by Pierre-Luc Dubois.
6:40 of 3rd period - Stopped by Jonathan Quick without a rebound.
6:41 of 3rd period - Steven Stamkos wins face-off versus Timo Meier in EDMONTON ICE zone.
6:44 of 3rd period - Shot by Kirill Kaprizov.
6:44 of 3rd period - Stopped by Jonathan Quick without a rebound.
6:45 of 3rd period - Timo Meier wins face-off versus Steven Stamkos in EDMONTON ICE zone.
7:19 of 3rd period - Icing by Jacob Trouba.
7:20 of 3rd period - Timo Meier wins face-off versus Steven Stamkos in RENO LIONS zone.
7:41 of 3rd period - Off-side.
7:42 of 3rd period - Pierre-Luc Dubois wins face-off versus Jack Eichel in neutral zone.
7:54 of 3rd period - Icing by Mattias Samuelsson.
7:55 of 3rd period - Pierre-Luc Dubois wins face-off versus Timo Meier in RENO LIONS zone.
8:06 of 3rd period - Shot by Pierre-Luc Dubois.
8:06 of 3rd period - Shot Misses the Net.
8:08 of 3rd period - Shot by Nikita Zadorov.
8:08 of 3rd period - Shot Misses the Net.
9:29 of 3rd period - Shot by Timo Meier.
9:29 of 3rd period - Stopped by Elvis Merzlikins with a rebound.
10:23 of 3rd period - Shot by Kieffer Bellows.
10:23 of 3rd period - Stopped by Elvis Merzlikins without a rebound.
10:24 of 3rd period - Pierre-Luc Dubois wins face-off versus Anton Lundell in RENO LIONS zone.
10:37 of 3rd period - Oliver Ekman-Larsson is hit by Tanner Jeannot.
10:45 of 3rd period - Pierre-Luc Dubois is hit by Tanner Jeannot and loses puck.
10:57 of 3rd period - Anton Lundell is hit by Jacob Trouba and loses puck.
12:14 of 3rd period - Shot by Timo Meier.
12:14 of 3rd period - Stopped by Elvis Merzlikins without a rebound.
12:15 of 3rd period - Jack Eichel wins face-off versus Patrick Brown in RENO LIONS zone.
12:24 of 3rd period - Shot by Joonas Donskoi.
12:24 of 3rd period - Deflect By Jack Eichel.
12:24 of 3rd period - Shot Misses the Net.
13:26 of 3rd period - Pierre-Luc Dubois is hit by Zach Whitecloud and loses puck.
14:21 of 3rd period - Shot by Kirill Kaprizov.
14:21 of 3rd period - Shot Blocked by Ryan Carpenter.
14:48 of 3rd period - Icing by Jonas Brodin.
14:49 of 3rd period - Jack Eichel wins face-off versus Derek Grant in EDMONTON ICE zone.
15:06 of 3rd period - Shot by Derek Grant.
15:06 of 3rd period - Shot Misses the Net.
15:21 of 3rd period - Shot by Derek Grant.
15:21 of 3rd period - Stopped by Jonathan Quick without a rebound.
15:22 of 3rd period - Pierre-Luc Dubois wins face-off versus Anton Lundell in EDMONTON ICE zone.
15:27 of 3rd period - Shot by Ilya Mikheyev.
15:27 of 3rd period - Shot Blocked by Shea Theodore.
16:50 of 3rd period - Shot by Joel Eriksson Ek.
16:50 of 3rd period - Shot Misses the Net.
17:19 of 3rd period - Icing by Robert Hagg.
17:20 of 3rd period - Steven Stamkos wins face-off versus Jack Eichel in RENO LIONS zone.
17:39 of 3rd period - Shot by Austin Watson.
17:39 of 3rd period - Stopped by Elvis Merzlikins without a rebound.
17:40 of 3rd period - Joel Eriksson Ek wins face-off versus Derek Grant in RENO LIONS zone.
18:31 of 3rd period - Icing by Joonas Donskoi.
18:32 of 3rd period - Jack Eichel wins face-off versus Pierre-Luc Dubois in EDMONTON ICE zone.
18:53 of 3rd period - Shot by Ilya Mikheyev.
18:53 of 3rd period - Stopped by Jonathan Quick with a rebound.
19:12 of 3rd period - Icing by Tanner Jeannot.
19:13 of 3rd period - Anton Lundell wins face-off versus Kirill Kaprizov in EDMONTON ICE zone.
19:25 of 3rd period - Shot by Steven Stamkos.
19:25 of 3rd period - Goal by Steven Stamkos - EDMONTON ICE : 2 - RENO LIONS : 6.
19:26 of 3rd period - Timo Meier wins face-off versus Patrick Brown in neutral zone.
19:29 of 3rd period - Mattias Samuelsson is hit by Joel Eriksson Ek and loses puck.
19:34 of 3rd period - Shot by Timo Meier.
19:34 of 3rd period - Shot Misses the Net.
19:42 of 3rd period - Shot by Patrick Brown.
19:42 of 3rd period - Deflect By Nicholas Ritchie.
19:42 of 3rd period - Goal by Nicholas Ritchie - EDMONTON ICE : 2 - RENO LIONS : 7.
19:43 of 3rd period - Steven Stamkos wins face-off versus Anton Lundell in neutral zone.
19:58 of 3rd period - Shot by Elias Pettersson.
19:58 of 3rd period - Shot Misses the Net.
Goals for this period are 0 for EDMONTON ICE vs 2 for RENO LIONS.
Shots for this period are 8 for EDMONTON ICE vs 9 for RENO LIONS.


DAVID
PERRON
DREW
DOUGHTY
STEVEN
STAMKOS